 Dungeon Crawl Stone Soup version 0.31-a0-441-g867994ef1c (webtiles) character file.

Game seed: 9948898453099428344

1376503 promet the Executioner (level 26, 177/177 HPs)
             Began as a Minotaur Fighter on July 28, 2023.
             Was a Follower of Uskayaw.
             Escaped with the Orb
             ... and 3 runes on Aug 2, 2023!
             The game lasted 12:48:56 (106714 turns).

promet the Executioner (Minotaur Fighter)         Turns: 106714, Time: 12:48:57

Health: 177/177    AC: 29    Str: 19 (21) XL:     26   Next: 17%
Magic:  18/27      EV: 10    Int:  6 (10) God:    Uskayaw [*.....]
Gold:   6620       SH: 25    Dex: 20      Spells: 25/25 levels left

rFire   + + .        c - +11 war axe of the Bursted God {spect, rPois Str+2 Int-5}
rCold   + + .        U - +2 tower shield {reflect}
rNeg    . . .        k - +7 plate armour of Hedonism {+Blink rElec Dex-2 Stlth+}
rPois   +            (helmet restricted)
rElec   +            v - scarf {rC+ rF+}
rCorr   .            l - +2 pair of gloves {infuse}
SInv    .            f - +2 pair of boots {Stlth+}
Will    ++...        q - amulet of regeneration
Stlth   +            D - ring of Lavvit {rF+ rC+ Int+6}
HPRegen 0.00/turn    u - +6 ring of dexterity
MPRegen 0.20/turn

%: reflection, infuse magic (1 MP)
@: inhibited regen
A: horns 2, retaliatory headbutt, deformed body, deterioration 2, dopey 1, frail
3, low MP 1, strong-willed 1, poison resistance, screaming 1, inhibited
regeneration, weak 1, MP-powered wands
0: Orb of Zot
}: 3/15 runes: serpentine, barnacled, silver
a: Renounce Religion, Evoke Blink, Stomp


You escaped.
You worshipped Uskayaw.
Uskayaw was aware of your devotion.
You visited 11 branches of the dungeon, and saw 49 of its levels.
You visited the Abyss 1 time.

You collected 8975 gold pieces.
You spent 2355 gold pieces at shops.

Inventory:

Hand Weapons
 a - a +3 lajatang of speed
 b - a +3 arbalest of electrocution
 c - the +11 war axe of the Bursted God (weapon) {spect, rPois Str+2 Int-5}
   (You found it on level 1 of the Lair of Beasts)

   Str:       It affects your strength (+2).
   Int:       It affects your intelligence (-5).
   rPois:     It protects you from poison.
 d - a +3 hand crossbow of chaos
 e - a +0 heavy broad axe
 g - the +3 morningstar of Ruination {spect, rN+}
   (You took it off a necromancer on level 4 of the Vaults)

   rN:        It protects you from negative energy.
 h - a +2 antimagic rapier
 z - a +2 eveningstar of freezing
 A - the +6 sling "Impslayer" {freeze, rPois rCorr Int+2}
   (You found it on level 5 of the Lair of Beasts)

   Int:       It affects your intelligence (+2).
   rPois:     It protects you from poison.
   rCorr:     It protects you from acid and corrosion.
Missiles
 C - 12 javelins
 F - 18 atropa-tipped darts
 K - 23 boomerangs (quivered)
 O - 5 curare-tipped darts
 S - 9 throwing nets
Armour
 f - a +2 pair of boots of stealth (worn)
 k - the +7 plate armour of Hedonism (worn) {+Blink rElec Dex-2 Stlth+}
   (You found it on level 5 of the Lair of Beasts)

   Dex:       It affects your dexterity (-2).
   rElec:     It insulates you from electricity.
   +Blink:    It lets you blink.
   Stlth:     It makes you more stealthy.
 l - a +2 pair of gloves of infusion (worn)
 v - a scarf of resistance (worn)
 U - a +2 tower shield of reflection (worn)
Jewellery
 m - the ring "Xunkupoq" {+Blink rF- rN+ Will+++ Str-5}
   (You took it off a black draconian on level 1 of the Realm of Zot)

   [ring of positive energy]

   Str:       It affects your strength (-5).
   rF:        It makes you vulnerable to fire.
   rN:        It protects you from negative energy.
   +Blink:    It lets you blink.
   Will:      It greatly increases your willpower.
 o - a ring of resist corrosion
 q - an amulet of regeneration (around neck)
 u - a +6 ring of dexterity (right hand)
 D - the ring of Lavvit (left hand) {rF+ rC+ Int+6}
   (You found it on level 7 of the Dungeon)

   [ring of intelligence]

   Int:       It affects your intelligence (+6).
   rF:        It protects you from fire.
   rC:        It protects you from cold.
 H - a +4 ring of slaying
 X - the ring "Etretiur" {Dex+2 SInv}
   (You took it off a deep elf master archer on level 3 of the Elven Halls)

   [ring of see invisible]

   Dex:       It affects your dexterity (+2).
   SInv:      It lets you see invisible.
 Y - the ring "Reri" {Fire *Corrode rN+ Will++ Int+4}
   (You took it off an orc high priest on level 2 of the Elven Halls)

   [ring of fire]

   It enhances your fire magic.
   Int:       It affects your intelligence (+4).
   rF:        It protects you from fire.
   rC:        It makes you vulnerable to cold.
   rN:        It protects you from negative energy.
   *Corrode:  It may corrode you when you take damage.
   Will:      It greatly increases your willpower.
 Z - a ring of flight
Wands
 n - a wand of mindburst (56)
 p - a wand of iceblast (29)
 r - a wand of flame (122)
 B - a wand of light (32)
 M - a wand of charming (38)
Scrolls
 j - 11 scrolls of fear
 s - 7 scrolls of fog
 y - 9 scrolls of revelation
 L - a scroll of silence
 P - 7 scrolls of teleportation
 V - 5 scrolls of poison
 W - 2 scrolls of blinking
Potions
 i - a potion of heal wounds
 t - 2 potions of berserk rage
 w - 7 potions of curing
 x - a potion of might
 E - a potion of resistance
 G - 4 potions of haste
 J - 6 potions of attraction
 R - 5 potions of cancellation
 T - 2 potions of ambrosia
Miscellaneous
 I - a box of beasts
 Q - a tin of tremorstones (2/2)


   Skills:
 + Level 23.7 Fighting
 + Level 7.1 Short Blades
 + Level 1.0(4.9) Long Blades
 * Level 25.8(26.2) Axes
 + Level 7.0(20.0) Maces & Flails
 + Level 2.9(19.1) Polearms
 + Level 13.3(14.1) Staves
 + Level 17.3 Ranged Weapons
 + Level 6.2 Throwing
 + Level 20.7 Armour
 + Level 6.3 Dodging
 + Level 13.8 Stealth
 + Level 21.2 Shields
 + Level 1.4 Unarmed Combat
 + Level 11.0 Invocations
 - Level 11.1 Evocations


You had 25 spell levels left.
You didn't know any spells.
Your spell library contained the following spells:

 Spells                   Type           Power      Damage    Failure   Level
 Apportation              Tloc           0%         N/A       100%        1
 Foxfire                  Conj/Fire      0%         2x1d4     100%        1
 Magic Dart               Conj           0%         1d3       100%        1
 Sandblast                Erth           0%         2d4       100%        1
 Slow                     Hex            0%         N/A       100%        1
 Sting                    Tmut/Pois      0%         1d3       100%        1
 Summon Small Mammal      Summ           0%         N/A       100%        1
 Blink                    Tloc           0%         N/A       100%        2
 Ensorcelled Hibernation  Hex/Ice        0%         N/A       100%        2
 Lesser Beckoning         Tloc           0%         N/A       100%        2
 Momentum Strike          Conj/Tloc      0%         3d8       100%        2
 Passwall                 Tmut/Erth      0%         N/A       100%        2
 Poisonous Vapours        Pois/Air       0%         N/A       100%        2
 Scorch                   Fire           0%         2d5       100%        2
 Searing Ray              Conj           0%         2d4       100%        2
 Wereblood                Tmut           0%         N/A       100%        2
 Call Canine Familiar     Summ           0%         N/A       100%        3
 Confusing Touch          Hex            0%         N/A       100%        3
 Frozen Ramparts          Ice            0%         1d1       100%        3
 Hailstorm                Conj/Ice       0%         3d3       100%        3
 Mephitic Cloud           Conj/Pois/Air  0%         N/A       100%        3
 Portal Projectile        Hex/Tloc       0%         N/A       100%        3
 Stone Arrow              Conj/Erth      0%         3d7       100%        3
 Summon Guardian Golem    Hex/Summ       0%         N/A       100%        3
 Tukima's Dance           Hex            0%         N/A       100%        3
 Vampiric Draining        Necr           0%         2d6       100%        3
 Anguish                  Hex/Necr       0%         N/A       100%        4
 Animate Armour           Summ/Erth      0%         N/A       100%        4
 Animate Dead             Necr           0%         N/A       100%        4
 Cause Fear               Hex            0%         N/A       100%        4
 Flame Wave               Conj/Fire      0%         2d4       100%        4
 Fulminant Prism          Conj/Hex       0%         3d5       100%        4
 Iskenderun's Mystic Bla  Conj/Tloc      0%         2d3       100%        4
 Leda's Liquefaction      Hex/Erth       0%         N/A       100%        4
 Olgreb's Toxic Radiance  Pois           0%         N/A       100%        4
 Passage of Golubria      Tloc           0%         N/A       100%        4
 Petrify                  Tmut/Erth      0%         N/A       100%        4
 Summon Ice Beast         Ice/Summ       0%         N/A       100%        4
 Summon Lightning Spire   Summ/Air       0%         N/A       100%        4
 Alistair's Intoxication  Tmut/Pois      0%         N/A       100%        5
 Borgnjor's Vile Clutch   Necr/Erth      0%         N/A       100%        5
 Fireball                 Conj/Fire      0%         3d3       100%        5
 Freezing Cloud           Conj/Ice/Air   0%         6-21      100%        5
 Iskenderun's Battlesphe  Conj           0%         2d6       100%        5
 Lee's Rapid Deconstruct  Erth           0%         3d4*      100%        5
 Metabolic Englaciation   Hex/Ice        0%         N/A       100%        5
 Summon Forest            Summ/Tloc      0%         N/A       100%        5
 Summon Mana Viper        Hex/Summ       0%         N/A       100%        5
 Yara's Violent Unravell  Hex/Tmut       0%         3d3       100%        5
 Conjure Ball Lightning   Conj/Air       0%         3x3d6     100%        6
 Death Channel            Necr           0%         N/A       100%        6
 Eringya's Noxious Bog    Tmut/Pois      0%         4d6       100%        6
 Leda's Unmaking          Conj/Erth      0%         9d1       100%        6
 Simulacrum               Ice/Necr       0%         N/A       100%        6
 Summon Cactus Giant      Summ           0%         N/A       100%        6
 Enfeeble                 Hex            0%         N/A       100%        7
 Monstrous Menagerie      Summ           0%         N/A       100%        7
 Orb of Destruction       Conj           0%         9d5       100%        7
 Spellforged Servitor     Conj/Summ      0%         N/A       100%        7
 Summon Hydra             Summ           0%         N/A       100%        7
 Dragon's Call            Summ           0%         N/A       100%        9


Dungeon Overview and Level Annotations

Branches:
Dungeon (15/15)            Temple (1/1) D:4            Lair (5/5) D:10
 Shoals (4/4) Lair:2        Snake (4/4) Lair:2        Slime (0/5) Lair:5
    Orc (2/2) D:11            Elf (3/3) Orc:2        Vaults (5/5) D:13
  Crypt (0/3) Vaults:3     Depths (4/4) D:15           Hell (visited)
    Zot (5/5) Depths:4
    Dis: Hell:1         Geh: Hell:1         Coc: Hell:1         Tar: Hell:1

Altars:
Ashenzari
Cheibriados
Dithmenos
Elyvilon
Fedhas
Gozag
Hepliaklqana
Kikubaaqudgha
Makhleb
Nemelex Xobeh
Okawaru
Qazlal
Ru
Sif Muna
Trog
Uskayaw
Vehumet
Wu Jian
Xom
Yredelemnul
Zin
The Shining One
Jiyva

Shops:
D:3 [   Orc:1 [   Orc:2 [[(!   Elf:1 *   Snake:3 :[:   Vaults:1 [   Vaults:2 [[
Vaults:3 (

Portals:
Hell: Depths:1 Depths:2 Depths:3 Depths:4
Abyss: Depths:3 Depths:4
Pandemonium: Depths:1 Depths:2
Ziggurat: Depths:4
Trove: D:11 (show slimy rune of Zot)

Annotations:
D:10 3 runed translucent doors
Shoals:2 1 transporter
Snake:2 1 runed translucent door, Bekuax's ghost, journeyman DgVM
Snake:3 3 runed translucent doors, Kyhiruh's ghost, journeyman DrSh
Vaults:2 exclusion: orange crystal statue
Vaults:3 3 runed translucent doors, Feshunla's ghost, adept KoEn
Hell Geryon
Zot:5 3 runed translucent doors, Xapeig's ghost, legendary GrAr


Innate Abilities, Weirdness & Mutations

You have a pair of horns on your head.
You reflexively headbutt those who attack you in melee.
Armour fits poorly on your strangely shaped body.
Your body often deteriorates upon taking damage.
You are dopey. (Int -2)
You are extremely frail. (-30% HP)
Your magical capacity is low. (-10% MP)
You are strong-willed. (Will+)
Your system is resistant to poisons. (rPois)
You occasionally shout uncontrollably at your foes.
You do not regenerate when monsters are visible.
You are weak. (Str -2)
You expend magic power (3 MP) to strengthen your wands.


Message History

You block the Orb Guardian's attack.
You closely miss the Orb Guardian. You headbutt the Orb Guardian!
The Orb Guardian is lightly wounded.
Your +11 war axe of the Bursted God {spect, rPois Str+2 Int-5} hits the Orb Guardian!
You block the Orb Guardian's attack. The Orb Guardian hits you!
You slash the Orb Guardian!
The Orb Guardian is moderately wounded.
Your +11 war axe of the Bursted God {spect, rPois Str+2 Int-5} hits the Orb Guardian!!
You block the Orb Guardian's attack.
You hit the Orb Guardian but do no damage.
You headbutt the Orb Guardian, but do no damage.
The Orb Guardian is severely wounded.
Your +11 war axe of the Bursted God {spect, rPois Str+2 Int-5} hits the Orb Guardian!!
You kill the Orb Guardian!
Your +11 war axe of the Bursted God {spect, rPois Str+2 Int-5} disappears.
You slash the plant!
The plant begins to die.
You headbutt the plant.
The plant is lightly damaged.
You hit the plant.
The plant begins to die.
You slash the plant!
The plant begins to die.
You hit the plant. You headbutt the plant.
The plant is lightly damaged.
You slash the plant! x2
You slash the plant! You headbutt the plant.
The plant is moderately damaged.
You slash the plant! You slice the plant!! You slice the plant!!
The plant is moderately damaged.
You hit the plant. You slash the plant! You slice the plant!!
The plant is heavily damaged.
You slash the plant! x2
You slash the plant! You headbutt the plant!
The plant is severely damaged.
You slash the plant! You hit the plant.
A nearby plant withers and dies. x3
There is a staircase leading out of the dungeon here.
You start resting.
A hell beast comes into view.
A hell beast is nearby!
The hell beast roars deafeningly!
You have escaped! .##PPPPPPPPPPPPPPP# #.# ...PPPPPPPPPPPPPPP# #.# #### .##PPPPP.....PPPPP# #.#######..† .##PPP..PPPPP..PPP# #.......#.## .##PP.PPP...PPP.PP# ######.#..# ...PP.PP.PPP.PP.PP# ##.###.## #..P.PP.PP.PP.PP.P# #.## ##.# #.#P.P.PP.P.PP.P.P# ##.###.## #....P.P.PPP.P.P@P# #..#.## ).#P.P.PP.P.PP.P.P# #.#.## ..#P.PP.PP.PP.PP.P#

##.#.#
..#PP.PP.PPP.PP.P2#######....#
...PP.PPP...PPP.P............# #
...PPP..PPPPP..PP.######.....####
...PPPPP.....PPPPP#............).
..#PPPPPPPPPPPPPPP#.####.#.#.####


###PPPPPPPPPPPPPPP#.# #.....#### You could see a hell beast.

Vanquished Creatures
  3 dread liches
  2 ancient liches
  5 orbs of fire
  Bai Suzhen (Shoals:3)
  Saint Roka (Snake:3)
  4 Killer Klowns
  Vashnia (Snake:2)
  2 curse toes
  3 caustic shrikes (Depths:4)
  Nikola (Depths:1)
  12 golden dragons
  A profane servitor (Abyss:4)
  2 bone dragons
  An electric golem (Zot:1)
  A Tzitzimitl (Depths:1)
  2 hellephants (Depths:1)
  11 tentacled monstrosities
  26 Orb Guardians
  An Ice Fiend (Depths:4)
  3 deep elf blademasters
  5 liches
  8 acid blobs (Zot:2)
  3 quicksilver dragons
  A walking frostbound tome (Depths:2)
  6 titans
  3 deep elf master archers
  A walking divine tome (Depths:2)
  7 krakens
  7 death cobs
  4 tentacled starspawn
  Gastronok (Lair:3)
  Polyphemus (Shoals:2)
  8 sphinxes
  6 tengu reavers
  16 shadow dragons
  6 storm dragons
  Aizul (Snake:1)
  Donald (Snake:4)
  6 nagarajas
  A rockslime (Zot:5)
  A draconian monk (Zot:2)
  Ilsuiw (Shoals:3)
  4 fire giants
  3 draconian knights
  5 deep elf sorcerers
  2 iron dragons
  11 frost giants
  24 vault wardens
  4 draconian scorchers
  3 ghost moths
  An orc warlord (Vaults:2)
  6 draconian stormcallers
  5 deep elf elementalists (Elf:3)
  A reaper (Depths:1)
  4 draconian annihilators
  A formless jellyfish (Vaults:3)
  2 spriggan defenders (Depths:3)
  Louise (Snake:4)
  3 draconian shifters
  20 ironbound preservers
  A quicksilver ooze (Lair:5)
  3 war gargoyles
  5 ironbound thunderhulks
  13 very ugly things
  16 green draconians
  13 stone giants
  12 black draconians
  4 white draconians
  3 vampire knights
  19 yellow draconians
  The ghost of Waters the Artisan of Death, a journeyman DsWr of Kikubaaqudgha (Lair:4)
  10 dire elephants
  10 deep elf demonologists
  7 red draconians
  12 purple draconians
  3 spark wasps
  4 deep elf annihilators (Elf:3)
  8 deep elf death magi
  19 ettins
  2 crystal guardians (Vaults:2)
  4 merfolk impalers
  Josephine (D:10)
  8 fire dragons
  5 deep elf high priests
  3 merfolk javelineers (Shoals:4)
  18 yaktaur captains
  11 great orbs of eyes
  A shambling mangrove (Abyss:4)
  9 hydras
  Harold (D:9)
  2 jiangshi (Depths:4)
  A ghost crab (Abyss:4)
  An entropy weaver (Vaults:2)
  6 rakshasas
  9 ice dragons
  5 spriggan air magi
  A peacekeeper (Vaults:2)
  7 merfolk avatars
  5 boulder beetles
  32 vault guards
  12 ironbound frosthearts
  3 alligator snapping turtles
  8 anacondas
  7 ogre magi
  A boulder beetle (shapeshifter) (Vaults:2)
  A death knight (D:13)
  8 death yaks
  An alligator (shapeshifter) (Vaults:1)
  2 merfolk aquamancers
  7 centaur warriors
  11 deep troll shamans
  4 satyrs
  17 two-headed ogres
  6 deep troll earth magi
  4 catoblepae
  25 dancing weapons
  A vampire mage (Depths:4)
  15 naga sharpshooters
  16 naga warriors
  A demonic crawler (Abyss:3)
  8 spriggan berserkers
  A thrashing horror (Abyss:3)
  3 orc high priests
  Sonja (Lair:3)
  6 shock serpents
  10 deep elf knights
  A sun demon (Depths:4)
  4 hell knights
  Urug (Lair:4)
  A fire crab (Abyss:4)
  8 iron trolls
  A wretched star (Abyss:3)
  A sixfirhy (Abyss:3)
  A storm dragon skeleton (Vaults:4)
  5 salamander mystics
  8 skysharks
  65 deep trolls
  A skeletal warrior (D:13)
  2 large abominations (Abyss:4)
  A shadow wraith (Vaults:4)
  5 glowing orange brains
  8 sea snakes
  6 deep elf archers (Elf:1)
  21 ironbound convokers
  6 naga ritualists
  5 necromancers
  9 phantasmal warriors
  7 wizards
  9 lindwurms
  9 mana vipers
  7 orc knights
  33 deep elf pyromancers
  24 deep elf zephyrmancers
  A wolf spider (Lair:5)
  A harpy (shapeshifter) (Depths:3)
  16 harpies
  3 oklob plants
  28 ugly things
  18 manticores
  19 salamanders
  15 cyclopes
  3 orc sorcerers
  28 fauns
  21 moths of wrath
  9 elephants
  11 naga magi
  4 water nymphs
  2 worldbinders
  3 gargoyles
  A frost giant skeleton (Depths:2)
  Joseph (D:7)
  36 black mambas
  An ice statue (D:10)
  An apocalypse crab (Abyss:4)
  A rust devil (Depths:1)
  9 merfolk sirens
  An orange demon (Abyss:3)
  20 vault sentinels
  11 guardian serpents
  A storm dragon simulacrum (Vaults:2)
  14 cane toads
  Psyche (D:10)
  2 unseen horrors
  A torpor snail (Lair:4)
  5 tengu conjurers
  A human zombie (Vaults:2)
  6 freezing wraiths
  5 kobold demonologists
  47 yaktaurs
  4 ice devils
  A rime drake (Lair:4)
  2 efreet (D:15)
  11 komodo dragons
  A tormentor (Depths:1)
  2 ancient zymes
  4 harpy zombies (Shoals:3)
  12 trolls
  6 wind drakes
  A meliai (shapeshifter) (Elf:2)
  14 merfolk
  12 polar bears
  A wolf spider simulacrum (D:14)
  10 hornets
  16 blink frogs
  6 raiju
  Prince Ribbit (Lair:3)
  Grinder (D:3)
  23 dream sheep
  A snapping turtle (shapeshifter) (Vaults:5)
  9 snapping turtles
  3 spriggans
  4 flying skulls (Abyss:4)
  2 vampires
  2 shadows
  An ettin skeleton (Vaults:2)
  3 air elementals
  2 spriggan skeletons (Depths:2)
  5 wraiths
  11 wyverns
  41 slime creatures
  12 water elementals
  2 hogs (shapeshifter)
  Eustachio (D:5)
  A neqoxec (Abyss:3)
  4 vampire mosquitoes
  54 yaks
  3 basilisks
  A steam dragon (D:10)
  5 fire elementals
  A redback (shapeshifter) (D:13)
  2 chaos spawn
  12 wargs
  56 nagas
  4 acid dragons
  18 hell hounds
  A human simulacrum (Vaults:2)
  33 water moccasins
  An ice beast (D:6)
  24 orc warriors
  3 sky beasts (D:7)
  14 black bears
  An ettin simulacrum (Abyss:4)
  An ice beast (shapeshifter) (D:14)
  24 ogres
  2 starcursed masses (Abyss:3)
  36 wolves
  An elf simulacrum (Vaults:4)
  8 centaurs
  A human skeleton (Vaults:4)
  A phantom (D:5)
  3 kobold brigands (D:13)
  A gnoll sergeant (D:13)
  2 scorpions (D:6)
  20 bullfrogs
  4 earth elementals
  4 wights (D:7)
  An electric eel (D:10)
  A vampire bat (D:5)
  7 howler monkeys
  15 orc priests
  A gnoll bouda (D:7)
  6 hounds
  30 jellies
  4 sleepcaps
  Crazy Yiuf (D:7)
  5 iguanas
  20 orc wizards
  5 hell rats (Lair:4)
  3 small abominations
  8 adders
  An adder (shapeshifter) (Depths:3)
  11 gnolls
  A shadow imp (D:5)
  3 white imps
  2 worms (D:3)
  7 dart slugs
  3 fire bats (D:5)
  72 orcs
  2 spectral bats (D:5)
  16 bats
  3 bat skeletons (D:5)
  2 bat zombies
  7 endoplasms
  4 giant cockroaches
  7 goblins
  5 hobgoblins
  2 jackals (D:1)
  8 kobolds
  8 quokkas
  6 ball pythons
  A bat simulacrum (D:5)
  4 frilled lizards
  6 rats
  A ball lightning (Depths:4)
  7 starspawn tentacles
  20 tentacles
2236 creatures vanquished.

Vanquished Creatures (collateral kills)
  A draconian monk (Zot:2)
  2 wizards
  A deep elf archer (Elf:1)
  An ironbound convoker (Vaults:5)
  A necromancer (Vaults:5)
  4 fauns (Shoals:1)
  A manticore (Shoals:1)
  A ball python (D:3)
12 creatures vanquished.

Vanquished Creatures (others)
  A pandemonium lord (Depths:4)
  A fire giant (Depths:3)
  A draconian knight (Zot:1)
  A draconian stormcaller (Zot:1)
  A ghost moth (Zot:4)
  An ironbound preserver (Vaults:3)
  A deep elf annihilator (Elf:3)
  An ogre mage (Vaults:5)
  A deep troll earth mage (Depths:1)
  A deep elf knight (Elf:1)
  A lindwurm (Vaults:1)
  An ironbound convoker (Vaults:3)
  A deep elf zephyrmancer (Elf:2)
  2 ugly things
  A yaktaur (Vaults:1)
  A water elemental (Elf:1)
  An orc (Elf:2)
  A gnoll zombie (D:7)
  2 ball lightnings (Depths:4)
  100 spectral weapons
  6 starspawn tentacles
  52 tentacles
179 creatures vanquished.

Grand Total: 2427 creatures vanquished

Notes
Turn   | Place    | Note
-------+----------+-------------------------------------------
     0 | D:1      | promet the Minotaur Fighter began the quest for the Orb.
     0 | D:1      | Reached XP level 1. HP: 19/19 MP: 0/0
   232 | D:1      | Reached XP level 2. HP: 27/27 MP: 1/1
   602 | D:1      | Reached XP level 3. HP: 28/33 MP: 2/2
  1061 | D:2      | Reached skill level 1 in Staves
  1344 | D:2      | Reached XP level 4. HP: 40/40 MP: 3/3
  1407 | D:2      | Found a faded altar of an unknown god.
  1954 | D:3      | Found a blossoming altar of Fedhas.
  2080 | D:3      | Found Kucoilit's Armour Shop.
  2305 | D:3      | Noticed Grinder
  2312 | D:3      | Killed Grinder
  2313 | D:3      | Reached skill level 5 in Armour
  2313 | D:3      | Reached skill level 1 in Dodging
  2313 | D:3      | Reached XP level 5. HP: 29/47 MP: 4/4
  2313 | D:3      | Reached XP level 6. HP: 34/55 MP: 5/5
  3330 | D:4      | Found a radiant altar of Vehumet.
  3757 | D:4      | Found a staircase to the Ecumenical Temple.
  3766 | Temple   | Entered the Ecumenical Temple
  3789 | Temple   | Became a worshipper of Uskayaw the Reveller
  4119 | D:4      | Found a white marble altar of Elyvilon.
  4256 | D:5      | Entered Level 5 of the Dungeon
  4257 | D:5      | Reached * piety under Uskayaw
  4275 | D:5      | Reached ** piety under Uskayaw
  4277 | D:5      | Reached *** piety under Uskayaw
  4278 | D:5      | Reached skill level 5 in Staves
  4281 | D:5      | Found a burning altar of Makhleb.
  4391 | D:5      | Reached skill level 1 in Stealth
  4574 | D:5      | Reached XP level 7. HP: 59/60 MP: 6/6
  4654 | D:5      | Reached skill level 5 in Fighting
  4666 | D:5      | Reached **** piety under Uskayaw
  4837 | D:5      | Found a hazy altar of Hepliaklqana.
  4943 | D:5      | Got The Mystic Truths, Part One
  4948 | D:5      | Noticed Eustachio
  4961 | D:5      | Killed Eustachio
  5108 | D:6      | Reached XP level 8. HP: 69/69 MP: 7/7
  5187 | D:6      | Gained mutation: You expend magic power (3 MP) to
                  | strengthen your wands. [potion of mutation]
  5187 | D:6      | Gained mutation: You occasionally shout uncontrollably at
                  | your foes. [potion of mutation]
  5187 | D:6      | Gained mutation: Your system is resistant to poisons.
                  | (rPois) [potion of mutation]
  5926 | D:6      | Found a bloodstained altar of Trog.
  6359 | D:7      | Identified the ring of Lavvit {rF+ rC+ Int+6}
  6405 | D:7      | Found a runed translucent door.
  6406 | D:7      | Noticed Crazy Yiuf
  6651 | D:7      | Reached XP level 9. HP: 78/78 MP: 8/8
  7005 | D:7      | Reached skill level 10 in Staves
  7005 | D:7      | Noticed Joseph
  7016 | D:7      | Killed Joseph
  7192 | D:7      | Found an ornate altar of the Wu Jian Council.
  7193 | D:7      | Found a broken altar of Ashenzari.
  7268 | D:7      | Found a glowing golden altar of the Shining One.
  7283 | D:7      | Reached skill level 1 in Throwing
  7454 | D:7      | Killed Crazy Yiuf
  7547 | D:8      | Noticed a troll
  7552 | D:8      | Killed a troll
  7795 | D:8      | Found an ancient bone altar of Kikubaaqudgha.
  7807 | D:8      | Found a stormy altar of Qazlal.
  7809 | D:8      | Found a sacrificial altar of Ru.
  8740 | D:9      | Reached XP level 10. HP: 49/86 MP: 9/9
  8955 | D:9      | Reached skill level 1 in Ranged Weapons
  9173 | D:9      | Noticed Harold
  9634 | D:10     | Entered Level 10 of the Dungeon
  9639 | D:10     | Found an iron altar of Okawaru.
  9652 | D:10     | Found a runed translucent door.
  9692 | D:10     | Noticed a seven-headed hydra
  9961 | D:10     | Noticed Josephine
  9979 | D:9      | Reached ***** piety under Uskayaw
 10078 | D:10     | Noticed Psyche
 10087 | D:10     | Killed Psyche
 10167 | D:10     | Killed Josephine
 10451 | D:10     | Found a runed translucent door.
 10540 | D:10     | Killed an eight-headed hydra
 10541 | D:10     | Reached XP level 11. HP: 97/97 MP: 0/10
 10815 | D:10     | Found a staircase to the Lair.
 10960 | D:10     | Found a runed translucent door.
 10975 | D:10     | Found a runed translucent door.
 11569 | D:10     | Found a burning altar of Makhleb.
 11571 | D:10     | Found a white marble altar of Elyvilon.
 11571 | D:10     | Found a shimmering altar of Xom.
 11573 | D:10     | Found a blossoming altar of Fedhas.
 11573 | D:10     | Found a shimmering altar of Xom.
 11573 | D:10     | Found a shadowy altar of Dithmenos.
 11733 | Lair:1   | Entered Level 1 of the Lair of Beasts
 11770 | Lair:1   | Identified the +11 war axe of the Bursted God {spect, rPois
                  | Str+2 Int-5}
 11808 | Lair:1   | Reached skill level 10 in Armour
 11809 | Lair:1   | Reached skill level 1 in Axes
 11820 | Lair:1   | Reached skill level 2 in Axes
 12234 | Lair:1   | Reached skill level 3 in Axes
 12319 | Lair:1   | Reached skill level 4 in Axes
 12375 | Lair:1   | Reached skill level 10 in Fighting
 12449 | Lair:1   | Reached skill level 5 in Axes
 12841 | D:9      | Killed Harold
 12842 | D:9      | Reached skill level 5 in Stealth
 13073 | Lair:1   | Reached skill level 6 in Axes
 13239 | Lair:1   | Reached skill level 7 in Axes
 13256 | Lair:1   | Reached skill level 1 in Evocations
 13475 | Lair:1   | Upgraded the game from 0.31-a0-369-g8eba5f6939 to
                  | 0.31-a0-426-g3a05650e59
 14148 | Lair:2   | Reached skill level 8 in Axes
 14182 | Lair:2   | Reached XP level 12. HP: 96/107 MP: 11/11
 14217 | Lair:2   | Found a staircase to the Shoals.
 14319 | Lair:2   | Reached skill level 9 in Axes
 14347 | Lair:2   | Noticed a catoblepas
 14369 | Lair:2   | Killed a catoblepas
 15041 | Lair:2   | Found a staircase to the Snake Pit.
 15329 | Lair:2   | Reached skill level 5 in Shields
 15538 | Lair:3   | Noticed Prince Ribbit
 15543 | Lair:3   | Killed Prince Ribbit
 15544 | Lair:3   | Reached skill level 10 in Axes
 16187 | Lair:3   | Noticed Sonja
 16206 | Lair:3   | Killed Sonja
 16419 | Lair:3   | Noticed a seven-headed hydra
 16432 | Lair:3   | Killed a seven-headed hydra
 17021 | Lair:3   | Noticed Gastronok
 17038 | Lair:3   | Killed Gastronok
 17039 | Lair:3   | Reached skill level 11 in Axes
 17386 | Lair:4   | Reached skill level 1 in Maces & Flails
 17594 | Lair:4   | Reached XP level 13. HP: 116/116 MP: 12/12
 17623 | Lair:4   | Reached skill level 12 in Axes
 17678 | Lair:4   | Noticed Waters's ghost (journeyman DsWr)
 17685 | Lair:4   | Found a transporter.
 17823 | Lair:4   | Noticed Urug
 18321 | Lair:4   | Killed Urug
 18718 | Lair:4   | Reached skill level 5 in Dodging
 18863 | Lair:4   | Found a transporter.
 19043 | Lair:5   | Entered Level 5 of the Lair of Beasts
 19239 | Lair:5   | Reached skill level 13 in Axes
 20307 | Lair:4   | Reached skill level 14 in Axes
 20893 | Lair:5   | Reached XP level 14. HP: 126/126 MP: 13/13
 21224 | Lair:5   | Reached skill level 5 in Ranged Weapons
 21487 | Lair:5   | Reached skill level 15 in Axes
 21578 | Lair:5   | Found a staircase to the Slime Pits.
 21583 | Lair:5   | Found a viscous altar of Jiyva.
 23227 | Lair:5   | Noticed a quicksilver ooze
 23259 | Lair:5   | Killed a quicksilver ooze
 23456 | Lair:5   | Identified the +6 sling "Impslayer" {freeze, rPois rCorr
                  | Int+2}
 23759 | Lair:5   | Reached skill level 16 in Axes
 23759 | Lair:5   | Identified the +7 plate armour of Hedonism {+Blink rElec
                  | Dex-2 Stlth+}
 25036 | D:11     | Found a portal to a secret trove of treasure.
 25189 | D:11     | Found a staircase to the Orcish Mines.
 25253 | Orc:1    | Entered Level 1 of the Orcish Mines
 25468 | Orc:1    | You fall into a shaft and drop 1 floor!
 25468 | Orc:2    | Entered Level 2 of the Orcish Mines
 25825 | Orc:1    | Found Eplex's Armour Shop.
 26078 | Orc:2    | Found a staircase to the Elven Halls.
 26329 | Orc:2    | Reached XP level 15. HP: 136/136 MP: 14/14
 26354 | Orc:2    | Reached ****** piety under Uskayaw
 26358 | Orc:2    | Reached skill level 10 in Shields
 26511 | Orc:2    | Paralysed by an ogre mage for 3 turns
 27087 | Orc:2    | Paralysed by an ogre mage for 3 turns
 27357 | Orc:2    | Found Zidgheuj's Armour Boutique.
 27370 | Orc:2    | Found Norub's Antique Armour Shop.
 27371 | Orc:2    | Found Xapuc's Antique Weapon Shoppe.
 27379 | Orc:2    | Found Wolamim's Distillery.
 27389 | Orc:2    | Bought a potion of heal wounds for 65 gold pieces
 27389 | Orc:2    | Bought a potion of heal wounds for 65 gold pieces
 27389 | Orc:2    | Bought a potion of heal wounds for 65 gold pieces
 27952 | Orc:2    | Bought a +1 pair of gloves of hurling for 297 gold pieces
 29591 | D:12     | Reached skill level 17 in Axes
 30665 | D:13     | Found a gate to the Vaults.
 31341 | D:14     | Upgraded the game from 0.31-a0-426-g3a05650e59 to
                  | 0.31-a0-431-g88bdf31460
 32490 | D:14     | Reached XP level 16. HP: 146/146 MP: 15/15
 33175 | D:15     | Entered Level 15 of the Dungeon
 34524 | D:15     | Found a staircase to the Depths.
 34826 | Shoals:1 | Entered Level 1 of the Shoals
 34910 | Shoals:1 | Reached skill level 1 in Long Blades
 35954 | Shoals:1 | Reached skill level 15 in Fighting
 36360 | Shoals:2 | Noticed Polyphemus
 36360 | Shoals:2 | Found a transporter.
 36368 | Shoals:1 | Reached skill level 18 in Axes
 36839 | Shoals:2 | Killed Polyphemus
 36968 | Shoals:2 | Found a transporter.
 37124 | Shoals:2 | Found a transporter.
 37132 | Shoals:2 | Found a transporter.
 37165 | Shoals:2 | Found a transporter.
 37165 | Shoals:2 | Found a transporter.
 37845 | Shoals:3 | Noticed Ilsuiw
 37856 | Shoals:3 | Killed Ilsuiw
 38237 | Shoals:3 | Reached skill level 5 in Evocations
 38546 | Shoals:3 | Noticed Bai Suzhen
 38559 | Shoals:3 | Killed Bai Suzhen
 38560 | Shoals:3 | Reached XP level 17. HP: 125/156 MP: 16/16
 38940 | Shoals:3 | Noticed a kraken
 38949 | Shoals:3 | Killed a kraken
 38950 | Shoals:3 | Reached skill level 15 in Armour
 39496 | Shoals:4 | Entered Level 4 of the Shoals
 39496 | Shoals:4 | Noticed a kraken
 39496 | Shoals:4 | Noticed a kraken
 39496 | Shoals:4 | Noticed a kraken
 39496 | Shoals:4 | Noticed a kraken
 39793 | Shoals:4 | Reached skill level 10 in Ranged Weapons
 40759 | Shoals:4 | Got a barnacled rune of Zot
 41462 | Shoals:4 | Killed a kraken
 41621 | Shoals:4 | Killed a kraken
 41677 | Shoals:4 | Killed a kraken
 41933 | Shoals:4 | Killed a kraken
 42564 | Shoals:4 | Noticed a kraken
 42569 | Shoals:4 | Killed a kraken
 42978 | Snake:1  | Entered Level 1 of the Snake Pit
 43365 | Snake:1  | Noticed Aizul
 43375 | Snake:1  | Killed Aizul
 43989 | Snake:1  | Identified the +0 leather armour of Imial {rN+}
 44121 | Snake:1  | Reached XP level 18. HP: 166/166 MP: 17/17
 44796 | Snake:2  | Reached skill level 19 in Axes
 45618 | Snake:2  | Noticed Vashnia
 46064 | Snake:2  | Killed Vashnia
 46129 | Snake:2  | Noticed Bekuax's ghost (journeyman DgVM)
 46464 | Snake:2  | Found a runed translucent door.
 47170 | Snake:3  | Found Kuicwaha's Book Emporium.
 47170 | Snake:3  | Found Daomeg Gyegg's Armour Shoppe.
 47173 | Snake:3  | Found Vosaorur's Book Emporium.
 47235 | Snake:3  | Found an opulent altar of Gozag.
 47273 | Snake:3  | Noticed Saint Roka
 47614 | Snake:3  | Killed Saint Roka
 48692 | Snake:3  | Found a runed translucent gate.
 48692 | Snake:3  | Found a runed translucent gate.
 48692 | Snake:3  | Found a runed translucent gate.
 49124 | Snake:3  | Noticed Kyhiruh's ghost (journeyman DrSh)
 49144 | Snake:4  | Entered Level 4 of the Snake Pit
 49183 | Snake:4  | Found a glowing silver altar of Zin.
 49915 | Snake:4  | Noticed Louise
 49922 | Snake:4  | Killed Louise
 50195 | Snake:4  | Noticed Donald
 50230 | Snake:4  | Killed Donald
 51175 | Snake:4  | Got a serpentine rune of Zot
 51849 | Elf:1    | Entered Level 1 of the Elven Halls
 51883 | Elf:1    | Reached XP level 19. HP: 177/177 MP: 18/18
 52025 | Elf:1    | Found Pemoah's General Store.
 52366 | Elf:1    | Reached skill level 15 in Shields
 52406 | Elf:1    | Paralysed by an air elemental for 1 turns
 54011 | Elf:2    | Found an ancient bone altar of Kikubaaqudgha.
 54302 | Elf:2    | Found a runed translucent gate.
 54303 | Elf:2    | Found a runed translucent gate.
 54303 | Elf:2    | Found a runed translucent gate.
 54512 | Elf:2    | Paralysed by an air elemental for 1 turns
 54610 | Elf:2    | Identified the ring "Reri" {Fire *Corrode rN+ Will++ Int+4}
 54616 | Elf:2    | Reached skill level 20 in Axes
 56968 | Vaults:1 | Entered Level 1 of the Vaults
 57768 | Vaults:1 | Found Yfusm's Antique Armour Shop.
 59098 | Vaults:2 | Reached skill level 5 in Throwing
 59098 | Vaults:2 | Reached XP level 20. HP: 188/188 MP: 19/19
 59169 | Vaults:2 | Paralysed by a great orb of eyes for 4 turns
 59591 | Vaults:2 | Reached skill level 10 in Evocations
 59884 | Vaults:2 | Found Wutucs's Armour Emporium.
 60647 | Vaults:2 | Upgraded the game from 0.31-a0-431-g88bdf31460 to
                  | 0.31-a0-435-g2c6fae2916
 61348 | Vaults:2 | Found Kuapoi's Armour Shoppe.
 61361 | Vaults:2 | Bought +1 gold dragon scales for 1479 gold pieces
 62337 | Elf:3    | Entered Level 3 of the Elven Halls
 62914 | Elf:3    | Gained mutation: You are strong-willed. (Will+) [a neqoxec]
 63269 | Elf:3    | Reached skill level 21 in Axes
 63864 | Elf:3    | Paralysed by an air elemental for 1 turns
 63932 | Elf:3    | Identified the staff of Ascent {rElec rN+ Str+4 Air}
 63937 | Elf:3    | Identified the +1 pair of boots of Qoziw {rF+}
 64581 | Elf:3    | Identified the ring "Etretiur" {Dex+2 SInv}
 65458 | Elf:3    | Got the Catalogue of Lithic Flesh
 66523 | Vaults:3 | Found Ness's Weapon Emporium.
 68251 | Vaults:2 | Reached XP level 21. HP: 199/199 MP: 20/20
 68439 | Vaults:3 | Found a runed translucent gate.
 68439 | Vaults:3 | Found a runed translucent gate.
 68439 | Vaults:3 | Found a runed translucent gate.
 68453 | Vaults:3 | Noticed Feshunla's ghost (adept KoEn)
 68555 | Vaults:3 | Found a staircase to the Crypt.
 68555 | Vaults:3 | Found an ancient bone altar of Kikubaaqudgha.
 68555 | Vaults:3 | Found a basalt altar of Yredelemnul.
 69206 | Vaults:3 | Bought a +2 antimagic rapier for 384 gold pieces
 69341 | Vaults:3 | Reached skill level 1 in Short Blades
 71299 | Depths:1 | Entered Level 1 of the Depths
 71332 | Depths:1 | Identified the +0 pair of gloves "Bounococ" {rF+++ Will-
                  | Dex+3 SInv}
 71332 | Depths:1 | Noticed Nikola
 71348 | Depths:1 | Killed Nikola
 71592 | Depths:1 | Found a gateway to Hell.
 71859 | Depths:1 | Identified the +0 lajatang "Alarunni" {venom, Dex+2}
 71859 | Depths:1 | Identified the +1 shadow dragon scales of Saxifekh {Str+3
                  | SInv Stlth++++}
 72234 | Depths:1 | Reached skill level 10 in Stealth
 72489 | Depths:1 | Found a one-way gate leading to the halls of Pandemonium.
 73685 | Vaults:4 | Reached skill level 22 in Axes
 73750 | Vaults:4 | Found a flickering gateway to a bazaar.
 73799 | Abyss:3  | Cast into level 3 of the Abyss (a wizard)
 73915 | Abyss:3  | Found a corrupted altar of Lugonu.
 74018 | Abyss:3  | Found a corrupted altar of Lugonu.
 74035 | Abyss:3  | Found a corrupted altar of Lugonu.
 74200 | Abyss:4  | Reached skill level 5 in Short Blades
 74229 | Abyss:4  | Noticed a profane servitor
 74242 | Abyss:4  | Killed a profane servitor
 74250 | Vaults:4 | Escaped the Abyss
 74737 | Lair:4   | Reached XP level 22. HP: 190/211 MP: 21/21
 74740 | Lair:4   | Killed Waters's ghost
 76058 | Vaults:4 | Identified the +3 morningstar of Ruination {spect, rN+}
 76186 | Vaults:4 | Reached skill level 5 in Maces & Flails
 76852 | Vaults:5 | Entered Level 5 of the Vaults
 76919 | Vaults:5 | Identified a scroll of acquirement
 77140 | Vaults:4 | Reached skill level 1 in Invocations
 77591 | Vaults:5 | Reached skill level 23 in Axes
 78136 | Vaults:5 | Noticed a golden dragon
 78146 | Vaults:5 | Killed a golden dragon
 78547 | Vaults:5 | Identified the +7 fire dragon scales of Teqipause {rF++ rC-
                  | Str+2}
 78736 | Vaults:5 | Reached XP level 23. HP: 84/220 MP: 24/24
 79884 | Vaults:5 | Identified the +3 scimitar of Uncertain Death {heavy, rF-
                  | rN+ Str-3 Dex+7}
 79884 | Vaults:5 | Identified the ring "Neleph" {+Blink rPois rN++ Will+
                  | Int-3}
 79884 | Vaults:5 | Noticed a dread lich
 79897 | Vaults:5 | Killed a dread lich
 79900 | Vaults:5 | Reached skill level 15 in Ranged Weapons
 79949 | Vaults:5 | Reached skill level 5 in Invocations
 80202 | Vaults:5 | Identified the staff "Tifosaz" {rC+ Int+3 SInv Earth}
 81002 | Vaults:5 | Got a silver rune of Zot
 82359 | Depths:2 | Upgraded the game from 0.31-a0-435-g2c6fae2916 to
                  | 0.31-a0-441-g867994ef1c
 83386 | Depths:2 | Acquired 624 gold pieces
 83608 | Vaults:5 | Acquired 1084 gold pieces
 85284 | Depths:3 | Found a one-way gate to the infinite horrors of the Abyss.
 86077 | Depths:3 | Noticed an ancient lich
 86099 | Depths:3 | Killed an ancient lich
 86608 | Depths:4 | Entered Level 4 of the Depths
 86655 | Hell     | Entered the Vestibule of Hell
 86655 | Hell     | Noticed Geryon
 86674 | Depths:3 | Reached skill level 24 in Axes
 86857 | Depths:4 | Reached XP level 24. HP: 212/231 MP: 23/27
 87514 | Depths:4 | Found a one-way gateway to a ziggurat.
 87650 | Depths:4 | Found a white marble altar of Elyvilon.
 88824 | Depths:4 | Found a gate to the Realm of Zot.
 89864 | Zot:1    | Entered Level 1 of the Realm of Zot
 90276 | Zot:1    | Noticed a Killer Klown
 90556 | Zot:1    | Noticed a Killer Klown
 90570 | Zot:1    | Killed a Killer Klown
 91143 | Zot:1    | Killed a Killer Klown
 91327 | Zot:1    | Noticed an ancient lich
 91341 | Zot:1    | Killed an ancient lich
 91582 | Zot:1    | Identified the +0 helmet of Hidiparr {rElec Str+3 Dex-5}
 91607 | Zot:1    | HP: 4/220 [electric golem/bolt of lightning (31)]
 92699 | Zot:1    | You fall into a shaft and drop 1 floor!
 92707 | Zot:2    | Noticed an orb of fire
 92720 | Zot:2    | Gained mutation: You are dopey. (Int -2) [an orb of fire]
 92721 | Zot:2    | Killed an orb of fire
 92809 | Zot:1    | Identified the ring "Xunkupoq" {+Blink rF- rN+ Will+++
                  | Str-5}
 96367 | Zot:2    | Reached XP level 25. HP: 215/240 MP: 27/29
 98661 | Zot:3    | Reached skill level 25 in Axes
 99024 | Zot:3    | Reached skill level 10 in Invocations
100683 | Zot:4    | Identified the +1 chain mail of Uvvowk {Will+ Int+3}
101744 | Zot:5    | Entered Level 5 of the Realm of Zot
102426 | Zot:5    | Found a runed translucent gate.
102431 | Zot:5    | Noticed Xapeig's ghost (legendary GrAr)
102440 | Zot:5    | Identified the ring "Dainkido" {Ice Int+2}
102450 | Zot:5    | Found a runed translucent gate.
102451 | Zot:5    | Found a runed translucent gate.
102784 | Zot:5    | Noticed a dread lich
102900 | Zot:5    | Paralysed by a dread lich for 2 turns
103152 | Zot:5    | Killed a dread lich
103242 | Zot:5    | Noticed a Killer Klown
103256 | Zot:5    | Noticed a Killer Klown
103274 | Zot:5    | Killed a Killer Klown
103589 | Zot:5    | Noticed an orb of fire
103733 | Zot:5    | a Killer Klown changed into a rockslime
103738 | Zot:5    | Noticed an orb of fire
103749 | Zot:5    | Killed an orb of fire
103895 | Zot:5    | Noticed an orb of fire
103900 | Zot:5    | Gained mutation: Your body sometimes deteriorates upon
                  | taking damage. [an orb of fire]
103903 | Zot:5    | Gained mutation: You do not regenerate when monsters are
                  | visible. [an orb of fire]
103907 | Zot:5    | Killed an orb of fire
104095 | Zot:5    | Noticed an orb of fire
104095 | Zot:5    | Gained mutation: Your body often deteriorates upon taking
                  | damage. [an orb of fire]
104099 | Zot:5    | Gained mutation: You are frail. (-10% HP) [an orb of fire]
104103 | Zot:5    | Killed an orb of fire
104104 | Zot:5    | Noticed a dread lich
104114 | Zot:5    | Reached skill level 1 in Unarmed Combat
104122 | Zot:5    | Killed a dread lich
104451 | Zot:5    | Gained mutation: Your magical capacity is low. (-10% MP)
                  | [an orb of fire]
104452 | Zot:5    | Gained mutation: Armour fits poorly on your strangely
                  | shaped body. [an orb of fire]
104454 | Zot:5    | Gained mutation: You are very frail. (-20% HP) [an orb of
                  | fire]
104460 | Zot:5    | Killed an orb of fire
104987 | Zot:5    | Reached XP level 26. HP: 175/194 MP: 22/27
105944 | Zot:5    | Got the Orb of Zot
106173 | Depths:4 | Noticed Zanec the pandemonium lord
106203 | Depths:4 | Noticed Emutus the pandemonium lord
106209 | Depths:4 | Killed Emutus the pandemonium lord
106324 | Depths:4 | Noticed an ancient lich
106592 | D:5      | Noticed Zaudimm the pandemonium lord
106594 | D:5      | Gained mutation: You are extremely frail. (-30% HP) [a
                  | neqoxec]
106596 | D:5      | Gained mutation: You are weak. (Str -2) [a neqoxec]
106714 | D:$      | Escaped with the Orb!

Illustrated notes

Levels and vault maps discovered:
D:1:      roderic_crop_circles_arrival_small, layout_loops_ring
D:2:      layout_basic, hellmonk_ecumenical_altar_crossroads,
          serial_bayou_lagoon_b
D:3:      layout_loops_corners, fedhas_altar_3, serial_shops,
          nicolae_shop_getting_attention, uniq_grinder
D:4:      layout_cave_pools, kennysheep_mini,
          mainiacjoe_overflow_small_starburst, lemuel_temple_firewalk_a,
          reono_crystal_passage
D:5:      layout_gridville, worldfamousw_hep_ancestral_shrine,
          mainiacjoe_overflow_catwalk, goddamned_bats, uniq_eustachio
D:6:      layout_cave_pods, trog_book, palyth_stone_intersect,
          kennysheep_generic_room_12
D:7:      layout_loops_corners, nicolae_tso_carved_into_rock,
          gammafunk_temple_overflow_pools, uniq_joseph, uniq_crazy_yiuf_cottage
D:8:      layout_loops_cross, nicolae_kikubaaqudgha_miasma_corner,
          chequers_temple_overflow_statue_of_worship
D:9:      layout_cave_pools, uniq_harold
D:10:     layout_rooms, mainiacjoe_overflow_paths, doesnt_xom_only_xom,
          erik_lair_island, minmay_statue_crystal_thing, uniq_josephine,
          uniq_psyche
D:11:     layout_basic, david_orc_4, nicolae_trove_entry_columns
D:12:     cheibrodos_ideogram_h, layout_small_grid,
          chequers_serial_rivers_large_a
D:13:     layout_irregular_city, lightli_vaults_fourway_checkpoint,
          serial_rivers, chequers_serial_rivers_micro_b,
          chequers_serial_rivers_large_b, chequers_serial_rivers_room_b,
          chequers_serial_rivers_small_3
D:14:     layout_small_grid, dk_noncrumbling_4, kennysheep_diamond
D:15:     hangedman_depths_entry_try_elsewhere_first, layout_stronghold,
          nrook_mini_vaults
Temple:   hellmonk_temple_micro_hex
Lair:1:   layout_loops_ring, serial_bayou_shore_a, serial_bayou_shore_b,
          grunt_megastairs_4
Lair:2:   layout_roguey, minmay_shoals_entry_centaurs,
          alex1729_snake_entry_snake, wad_woods_road_02, hibernation_bobbens,
          serial_bayou_shore_b
Lair:3:   layout_cave_pods, uniq_prince_ribbit2, uniq_sonja, uniq_gastronok
Lair:4:   layout_hall_layers, portal_ice_cave_demonic_guard,
          gammafunk_ghost_berserking_beasts, gauntlet_entry_generic,
          grunt_megastairs_5, uniq_urug
Lair:5:   hangedman_lair_tendril_chambers, layout_loops_ring,
          hangedman_lair_caniforms_friends, nicolae_slime_entry_field_trip,
          chequers_serial_rivers_room_a, minivault_24,
          nicolae_lair_time_for_slime
Shoals:1: layout_shoals
Shoals:2: layout_shoals, serial_nicolae_subway, nicolae_sub_station_metal,
          nicolae_sub_station_stone, nicolae_sub_station_crystal,
          uniq_polyphemus
Shoals:3: layout_shoals, nicolae_shoals_undead_eyrie, uniq_ilsuiw,
          uniq_bai_suzhen
Shoals:4: shoals_end_grunt_garden, layout_shoals, nicolae_shoals_kraken_party
Snake:1:  layout_layer_cave, uniq_aizul
Snake:2:  layout_misc_corridors, hellmonk_ghost_happy_afterlife, uniq_vashnia
Snake:3:  layout_chambers, gammafunk_ghost_necromancy, basic_altar,
          minmay_shop_star, uniq_saint_roka
Snake:4:  johnstein_snake_rune_scales, layout_layer_cave, basic_altar,
          uniq_louise, uniq_donald
Orc:1:    layout_diamond_mine, serial_shops, nicolae_shop_back_alley_shop
Orc:2:    st_orc_open, layout_caves
Elf:1:    eino_elf_arrival_customs, layout_loops_ring,
          portal_desolation_entry_ruin, serial_shops, shop, minivault_28
Elf:2:    nicolae_elf_blades_crystal_corner, layout_loops_corners, st_stairs_14,
          david_defended_altar_elf
Elf:3:    grunt_elf_hall_diamonds, layout_loops_corners, grunt_ministairs_1
Vaults:1: v_rooms_6, v_alt_pattern_1, nicolae_vaults_whirlpool_walls,
          nicolae_vaults_storage_room_doors, v_misc_23,
          hangedman_vaults_variations, v_misc_14,
          nicolae_vaults_ring_of_whatevers, nicolae_vaults_storage_room_glass,
          ontoclasm_vaults_misaligned, nicolae_vaults_diagonal_hallway_9,
          v_alt_pattern_4, vaults_room_stairs_pillars, nicolae_vaults_house_1,
          nicolae_vaults_six-pack, nicolae_vaults_sealed_display,
          layout_vaults_omnicross, serial_shops, nicolae_lakefront_shop
Vaults:2: v_misc_24, nicolae_vaults_closet_pinwheel_5,
          ontoclasm_vaults_loading_screen, nicolae_vaults_house_1,
          nicolae_vaults_taking_the_gang_shopping, grunt_vaults_focal,
          v_misc_26, v_misc_29, nicolae_vaults_hexular_roomagon,
          nicolae_vaults_closet_pinwheel_2, nicolae_vaults_statue_guard,
          nicolae_vaults_more_shelving_2, ontoclasm_vaults_twist,
          layout_vaults_big_room, serial_shops, shop
Vaults:3: gammafunk_ghost_spectres, vaults_dpeg_doors,
          nicolae_vaults_steering_wheel, minmay_crypt_entry_necro_gods,
          v_misc_19, nicolae_vaults_six-pack, dpeg_vaults_pockets_of_resistance,
          nicolae_vaults_storage_closets_2, nicolae_vaults_wrenched,
          nicolae_vaults_shrinking_rooms_1, vaults_mumra_hex,
          layout_vaults_omnibox, serial_shops, shop
Vaults:4: nicolae_vaults_lightning_bolt, nicolae_vaults_sightless_eye,
          vaults_room_stairs_pillars, vaults_room_ringed_pool, v_misc_17,
          nicolae_vaults_yaktaur_gun_rack, dpeg_vaults_monster_box,
          vaults_room_semicircle, vaults_room_door_hall,
          nicolae_vaults_tetromino_Z_2, nicolae_vaults_trapezoid_lopsided_4,
          vaults_dpeg_ring, v_misc_8, nicolae_vaults_tetromino_Z_2,
          nicolae_vaults_trapezoid_lopsided_3, nicolae_vaults_more_shelving_1,
          layout_vaults_ring, serial_shops, bzr_entry_customers
Vaults:5
Depths:1: layout_twisted_cross, rand_demon_pan_entry_4, hangedman_decor_lopped,
          hangedman_coc_ice_floe, st_stairs_14, beargit_elvish_explorers,
          uniq_nikola
Depths:2: minmay_diamond_stairs, layout_cave_pools, pan_entry, hell_entry,
          minmay_variable_closet
Depths:3: hourglass_vault, layout_basic, chequers_big_river, hell_entry,
          abyss_entry
Depths:4: evilmike_zot_entry_round, layout_small_grid, enter_ziggurat_f,
          abyss_entry_crystal, hell_entry, elyvilon_altar_1
Hell
Zot:1:    ebering_klown_carousel, layout_onion
Zot:2:    lemuel_acid_trip, layout_cathedral_of_symmetry
Zot:3:    nicolae_zot_stationary_front, layout_misc_corridors, uniq_josephina
Zot:4:    layout_gridville
Zot:5:    layout_misc_corridors, gammafunk_ghost_split,
          hangedman_zot_decor_slant

Skill      XL: |  1  2  3  4  5  6  7  8  9 10 11 12 13 14 15 16 17 18 19 20 21 22 23 24 25 26 |
---------------+-------------------------------------------------------------------------------+-----
Shields        | 4 6 8 9 11 12 14 15 16 17 18 19 20 21 | 21.2
Armour         | 4 5 6 7 8 9 10 11 12 13 14 15 16 17 18 19 20 | 20.7
Fighting       | 4 5 6 7 9 10 11 12 13 14 15 16 17 18 19 20 21 22 23 | 23.7
Staves         | 1 4 5 7 9 11 12 13 | 13.3
Dodging        | 1 2 3 4 5 6 |  6.3
Stealth        | 1 2 3 4 5 6 7 8 9 10 11 12 13 | 13.8
Throwing       | 1 2 3 4 5 6 |  6.2
Ranged Weapons | 3 4 6 8 9 11 12 13 14 15 16 17 | 17.3
Axes           | 8 11 14 16 17 18 19 20 21 22 23 24 25 | 25.8
Evocations     | 1 2 5 6 8 9 10 11 | 11.1
Maces & Flails | 1 4 5 6 7 |  7.0
Long Blades    | 1 |  1.0
Short Blades   | 5 7 |  7.1
Invocations    | 3 7 9 11 | 11.0
Unarmed Combat | 1 |  1.4
Polearms       | |  2.9

Action                     |  1- 3 |  4- 6 |  7- 9 | 10-12 | 13-15 | 16-18 | 19-21 | 22-24 | 25-27 || total
---------------------------+-------+-------+-------+-------+-------+-------+-------+-------+-------++-------
  Melee: Trident           |     8 |       |       |       |       |       |       |       |       ||     8
         Lajatang          |    72 |    89 |   190 |   114 |       |       |       |     7 |       ||   472
         Headbutt          |    15 |    14 |    26 |    86 |   196 |   235 |   286 |   334 |   159 ||  1351
         Rapier            |       |       |       |     1 |       |       |       |     8 |       ||     9
         War axe           |       |       |       |   222 |   687 |   774 |   927 |   859 |   404 ||  3873
         Flail             |       |       |       |     7 |    26 |       |       |       |       ||    33
         Eveningstar       |       |       |       |       |    20 |       |     5 |     1 |     7 ||    33
         Scimitar          |       |       |       |       |       |     4 |       |       |       ||     4
         Broad axe         |       |       |       |       |       |    14 |    29 |     2 |       ||    45
         Great mace        |       |       |       |       |       |       |     8 |       |       ||     8
         Morningstar       |       |       |       |       |       |       |       |    24 |    44 ||    68
         Unarmed           |       |       |       |       |       |       |       |       |     7 ||     7
   Fire: Orcbow            |       |       |     5 |    47 |       |       |       |       |       ||    52
         Sling             |       |       |       |     8 |   208 |   630 |   384 |     3 |     1 ||  1234
         Hand crossbow     |       |       |       |       |       |       |       |   589 |   264 ||   853
         Arbalest          |       |       |       |       |       |       |       |    33 |       ||    33
  Throw: Javelin           |       |       |     3 |       |    34 |    19 |    21 |    15 |     5 ||    97
         Stone             |       |       |     4 |       |       |       |       |       |       ||     4
         Dart              |       |       |     2 |       |       |       |     6 |       |       ||     8
         Boomerang         |       |       |       |     4 |    30 |    23 |    47 |    16 |     2 ||   122
         Throwing net      |       |       |       |       |       |     1 |       |       |       ||     1
 Invoke: Stomp             |       |       |       |     1 |     4 |     5 |       |       |       ||    10
         Line Pass         |       |       |       |       |       |       |     5 |     2 |     1 ||     8
Ability: Evoke Invisibilit |       |       |       |       |       |       |     1 |       |       ||     1
  Evoke: Wand              |       |     1 |     1 |     8 |     9 |     4 |    22 |    16 |     4 ||    65
         Box of beasts     |       |       |       |       |       |       |     1 |     2 |       ||     3
         Tin of tremorston |       |       |       |       |       |       |     4 |     4 |       ||     8
    Use: Scroll            |     3 |    11 |     7 |     8 |     9 |     5 |    15 |    10 |     6 ||    74
         Potion            |       |     1 |     5 |     1 |       |     2 |    10 |     6 |     5 ||    30
   Stab: Paralysed         |       |       |     9 |    19 |    18 |    43 |    53 |    91 |    26 ||   259
         Petrifying        |       |       |     2 |       |       |       |       |       |       ||     2
         Distracted        |       |       |       |     1 |    15 |    14 |    23 |    31 |    17 ||   101
         Invisible         |       |       |       |       |       |     1 |     1 |       |     2 ||     4
         Held in net/web   |       |       |       |       |       |     1 |       |       |       ||     1
         Confused          |       |       |       |       |       |       |     2 |       |     3 ||     5
         Sleeping          |       |       |       |       |       |       |       |     1 |       ||     1
 Armour: Scale mail        |    55 |    38 |   105 |    34 |       |       |       |       |       ||   232
         Chain mail        |       |       |       |   158 |   220 |       |       |       |       ||   378
         Plate armour      |       |       |       |       |   171 |   442 |   134 |    81 |   156 ||   984
         Gold dragon scale |       |       |       |       |       |       |   232 |   443 |       ||   675
  Dodge: Dodged            |    42 |    41 |   124 |   152 |   182 |   366 |   198 |   189 |    87 ||  1381
  Block: Buckler           |     1 |       |       |     6 |       |       |       |       |       ||     7
         Tower shield      |       |       |       |   166 |   565 |   812 |   777 |   843 |   348 ||  3511
         Reflection        |       |       |       |       |       |    30 |   121 |    51 |    18 ||   220

Table legend: (Time is in decaauts)
 A = Elapsed time spent in this place.
 B = Non-inter-level travel time spent in this place.
 C = Inter-level travel time spent in this place.
 D = Time resting spent in this place.
 E = Time spent auto-exploring this place.
 F = Levels seen in this place.
 G = Mean time per level.
                   A        B        C        D        E       F      G
               +--------+--------+--------+--------+--------+-----+--------+
         Total | 107297 |  97288 |  10009 |  34249 |  16351 |  51 | 2103.9 |
       Dungeon |  22642 |  18934 |   3708 |   5270 |   5283 |  15 | 1509.5 |
        Temple |     30 |     30 |      0 |      0 |      0 |   1 |   30.0 |
          Lair |  13080 |  11545 |   1535 |   4548 |   2496 |   5 | 2616.0 |
        Shoals |   8189 |   7997 |    192 |   3189 |   1392 |   4 | 2047.2 |
     Snake Pit |   9121 |   8572 |    549 |   2479 |   2423 |   4 | 2280.2 |
  Orcish Mines |   2856 |   2549 |    307 |    647 |    422 |   2 | 1428.0 |
   Elven Halls |   8592 |   7943 |    649 |   2591 |    833 |   3 | 2864.0 |
        Vaults |  16052 |  13953 |   2099 |   4191 |   1874 |   5 | 3210.4 |
        Depths |  10921 |  10152 |    769 |   4016 |    693 |   4 | 2730.2 |
          Hell |      1 |      1 |      0 |      0 |      0 |   1 |    1.0 |
           Zot |  15368 |  15169 |    199 |   7302 |    934 |   5 | 3073.6 |
         Abyss |    440 |    440 |      0 |     13 |      0 |   2 |  220.0 |
               +--------+--------+--------+--------+--------+-----+--------+

Top non-repeatable levels by time:
Vaults:2: 4251 daAuts
   Zot:2: 4114 daAuts
   Zot:5: 3932 daAuts
   Elf:3: 3761 daAuts
  Lair:5: 3531 daAuts
   Zot:1: 3342 daAuts
  Lair:4: 3298 daAuts
Depths:4: 3268 daAuts
Vaults:5: 3224 daAuts
Vaults:4: 3116 daAuts
Shoals:4: 3030 daAuts
Depths:3: 2850 daAuts
   Elf:2: 2849 daAuts
Vaults:1: 2801 daAuts
Vaults:3: 2658 daAuts
